Match 38518142
Unlisted

Match 38518142
End
Construct Infanterie Kompanie
Selects Luftwaffe Battlegroup
Selects Luftwaffe Pioneer Support
Fallschirmpioneer Squad Paradrop
Grenadier Squad
MG 42 Machine Gun Team
Selects Stuka Strafing Run
Medical Station
Stuka Strafing Run
Selects Fallschirmjäger Squad Paradrop
Fallschirmjäger Squad Paradrop
Fallschirmjäger Squad Paradrop
Stuka Strafing Run
Construct Luftwaffe Kompanie
Fallschirmjäger Squad Paradrop
Stuka Strafing Run
Stuka Strafing Run
MatteSan
Crovax
sutgi
SneaKerz
gb_gbg
tomamen
0
0

Comments sign in to comment!

No comments posted yet!